 Dungeon Crawl Stone Soup version 0.31-a0-1074-g0b22e4e0f1 (webtiles) character file.

Game seed: 9577690417551930703

5510 Xavori the Ducker (level 11, -2/79 HPs)
             Began as a Djinni Chaos Knight on Dec 6, 2023.
             Was a Plaything of Xom.
             Slain by a wolf (9 damage)
             ... led by Grum
             ... on level 8 of the Dungeon on Dec 7, 2023.
             The game lasted 00:14:04 (10890 turns).

Xavori the Ducker (Djinni Chaos Knight)            Turns: 10890, Time: 00:14:04

Health: -2/79      AC: 13    Str: 10    XL:     11   Next: 1%
Gold:   1529       EV: 15    Int: 19    God:    Xom [..*...] SH:  0 Dex: 15

rFire   + + +        j - +2 scimitar
rCold   x . .        (no shield)
rNeg    . . .        b - +3 leather armour
rPois   ∞            (no helmet)
rElec   .            o - +2 cloak
rCorr   +            (no gloves)
SInv    +            (boots unavailable)
Will    +....        (no amulet)
Stlth   +            k - ring of resist corrosion
HPRegen 0.33/turn    g - ring of see invisible
MPRegen 0.00/turn

%: infuse magic (-3 HP)
@: flying
A: sickness immunity, fire resistance 3, cold vulnerability 1, float, innate
caster, HP casting, extra vitality 1, iridescent scales 1, clever 1, sense
surroundings 1, shaggy fur 1, MP-powered wands
a: Renounce Religion


You were on level 8 of the Dungeon.
You worshipped Xom.
You were a toy of Xom.
You visited 1 branch of the dungeon, and saw 8 of its levels.

You collected 1529 gold pieces.

Inventory:

Hand Weapons
 a - a +0 falchion of chaos
 j - a +2 scimitar (weapon)
Missiles
 r - 3 throwing nets
Armour
 b - a +3 leather armour (worn)
 o - a +2 cloak (worn)
Jewellery
 g - a ring of see invisible (right hand)
 k - a ring of resist corrosion (left hand)
Wands
 l - a wand of flame (26)
 w - a wand of mindburst (4)
Scrolls
 c - a scroll of butterflies
 d - a scroll of fog
 f - a scroll of noise {unknown}
 h - a scroll of fear
 i - a scroll of revelation
 n - a scroll of summoning
 q - a scroll of silence
 s - a scroll of teleportation
 t - 2 scrolls of immolation
 v - a scroll of enchant armour
 y - a scroll of blinking {unknown}
Potions
 e - 4 potions of curing
 m - a potion of cancellation {unknown}
 u - a potion of attraction {unknown}
 x - a potion of berserk rage {unknown}
 z - a potion of might {unknown}
 A - a potion of mutation {unknown}


   Skills:
 + Level 7.3 Fighting
 + Level 6.7 Long Blades
 + Level 6.6 Armour
 + Level 7.6 Dodging
 * Level 5.9 Spellcasting
 * Level 5.9 Conjurations
 * Level 5.9 Hexes
 * Level 5.9 Summonings
 * Level 5.9 Necromancy
 * Level 5.9 Translocations
 * Level 5.9 Transmutations
 * Level 5.9 Fire Magic
 * Level 5.9 Ice Magic
 * Level 5.9 Air Magic
 * Level 5.9 Earth Magic
 * Level 5.9 Poison Magic


You knew the following spells:

 Your Spells              Type           Power      Damage    Failure   Level
a - Sting                 Tmut/Pois      100%       1d8       1%          1
b - Blink                 Tloc           56%        N/A       1%          2
c - Vampiric Draining     Necr           28%        2d8       3%          3
d - Flame Wave            Conj/Fire      28%        2d9       12%         4
e - Summon Mana Viper     Hex/Summ       28%        N/A       34%         5
Your spell library was empty.

Dungeon Overview and Level Annotations

Branches:
Dungeon (8/15)             Temple (0/1) D:7
   Lair: D:8-11

Altars:
Cheibriados
Dithmenos
Elyvilon
Gozag
Okawaru
Uskayaw
Xom

Shops:
D:1 *   D:5 *

Annotations:
D:3 2 runed translucent doors, avis's ghost, amateur NaSh
D:4 2 transporters, pigah's ghost, weakling OpSh
D:8 Grum


Innate Abilities, Weirdness & Mutations

You are immune to sickness and miasma.
You are immune to poison.
Your flesh is almost immune to the effects of heat. (rF+++)
You are vulnerable to cold. (rC-)
You float through the air rather than walking.
You learn spells naturally, not from books.
Your magical power is your life essence.
You have superior vitality. (+4 MHP)
You are partially covered in iridescent scales. (AC +2)
Your mind is acute. (Int +4, Str/Dex -1)
You passively map a small area around you.
You are covered in fur. (AC +1)
You expend health (3 HP) to strengthen your wands.


Message History

You swap places.
The yak closely misses your mana viper. The yak gores your mana viper!
Your mana viper bites the yak!!
Your mana viper bites the yak!
The yak gores your mana viper! The yak barely misses your mana viper.
Your mana viper bites the yak but does no damage.
The yak closely misses your mana viper. The yak gores your mana viper!
Your mana viper barely misses the yak.
Your mana viper bites the yak!!
The yak closely misses your mana viper. x2
Your mana viper bites the yak!
The yak barely misses your mana viper. The yak gores your mana viper.
Your mana viper bites the yak!
The yak dies!
The yak barely misses your mana viper.
Your mana viper bites the yak!
The yak dies!
You have reached level 11!
The power to cast Summon Mana Viper wells up from within.
Spell assigned to 'e'.
Unknown command.
Grum the Hunter comes into view.
He is wielding a -1 spear.
A wolf comes into view.
Grum growls angrily.
The wolf howls!
A wolf comes into view. x2
Grum hits you from afar with a -1 spear!
The wolf misses you.
Your mana viper disappears in a puff of smoke!
The wolf bites you but does no damage. Grum closely misses you.
The wolf closely misses you. The wolf barely misses you.
You barely miss Grum. The wolf barely misses you. The wolf closely misses you.
Grum hits you with a -1 spear! The wolf bites you.
The wolf attacks as it pursues you! The wolf bites you.
Grum hits you from afar with a -1 spear!
* * * LOW HITPOINT WARNING * * *
The wolf bites you.
* * * LOW HITPOINT WARNING * * *
You hear the slow hiss of an avalanche of sand nearby.
The wolf bites you!
* * * LOW HITPOINT WARNING * * *
The wolf closely misses you. The wolf bites you!
You die...
Xom laughs nastily!

#..# #..#.......#
#..##...###.....##
, * # #.....##*
##...## ........
##..# * ....##...
#.## ...####...*
#..# * ... #...#
##.# * .. #....#
#.#####.# .
.....####@.....#*
,* *
#....#hh####.# *
#.....## * #..gh##
##...# , ....##
......# .....###.
, ....# #


You could see Grum and 3 wolves.

Vanquished Creatures
  The ghost of BigPumpCobain the Grappler, a novice TrFi of Wu Jian (D:7)
  Jeremiah (D:6)
  Maggie (D:6)
  8 yaks
  Sigmund (D:6)
  A steam dragon (D:7)
  A black bear (D:6)
  2 ice beasts
  A black bear (shapeshifter) (D:5)
  A centaur (D:8)
  3 ogres
  2 phantoms
  A kobold brigand (D:7)
  2 bullfrogs
  A scorpion (D:7)
  7 wights
  5 killer bees (D:7)
  A howler monkey (D:7)
  A jelly (D:5)
  5 hounds
  Crazy Yiuf (D:6)
  3 orc priests
  4 sleepcaps
  An orc wizard (D:6)
  Natasha (D:2)
  3 iguanas
  4 gnolls (D:4)
  5 adders
  A white imp (D:7)
  4 ufetubi (D:5)
  3 worms
  2 dart slugs
  17 orcs
  3 endoplasms
  A giant cockroach (D:2)
  2 goblins
  4 hobgoblins
  6 jackals
  11 kobolds
  4 quokkas
  4 ball pythons
  A bat (D:3)
  8 frilled lizards
  5 rats
144 creatures vanquished.

Vanquished Creatures (collateral kills)
  2 yaks (D:8)
  2 wights (D:6)
  Ijyb (D:3)
  Natasha (twice) (D:2)
  3 gnolls (D:2)
  A giant cockroach (D:1)
  2 quokkas (D:2)
  2 rats (D:1)
15 creatures vanquished.

Vanquished Creatures (others)
  A black bear (D:5)
  An endoplasm zombie (D:4)
2 creatures vanquished.

Grand Total: 161 creatures vanquished

Notes
Turn   | Place    | Note
-------+----------+-------------------------------------------
     0 | D:1      | Xavori the Djinni Chaos Knight began the quest for the Orb.
     0 | D:1      | Reached XP level 1. HP: 20/20 MP: 0/0
    20 | D:1      | XOM: potion effect (invisibility)
   146 | D:1      | Reached XP level 2. HP: 25/25 MP: 0/0
   200 | D:1      | Found Yxkuh's General Store.
   511 | D:1      | Found a faded altar of an unknown god.
   533 | D:2      | Reached XP level 3. HP: 30/30 MP: 0/0
   533 | D:2      | Learned a level 1 spell: Sting
   611 | D:1      | XOM: divination: detect items
  1600 | D:1      | XOM: silly message
  1848 | D:1      | XOM: silly message
  2235 | D:1      | XOM is BORED!
  2235 | D:1      | XOM: noise
  2448 | D:1      | XOM: silly message
  3065 | D:1      | XOM: cloud trail
  3154 | D:1      | XOM: scenery: 1 doors open
  3231 | D:1      | XOM is BORED!
  3231 | D:1      | XOM: give mutations
  3231 | D:1      | Gained mutation: You have hidden genetic potential. [Xom's
                  | mischief]
  3231 | D:1      | Gained mutation: You are partially covered in iridescent
                  | scales. (AC +2) [Xom's mischief]
  3290 | D:1      | XOM: scenery: 1 doors close
  3362 | D:1      | XOM: silly message
  3536 | D:1      | XOM: divination: magic mapping
  3566 | D:2      | Noticed Natasha
  3567 | D:2      | XOM: confusion (+ monsters)
  3584 | D:2      | XOM: cast spell 'Summon Horrible Things'
  3586 | D:2      | Killed Natasha
  3587 | D:2      | Reached skill level 1 in Spellcasting
  3587 | D:2      | Reached skill level 1 in Conjurations
  3587 | D:2      | Reached skill level 1 in Hexes
  3587 | D:2      | Reached skill level 1 in Summonings
  3587 | D:2      | Reached skill level 1 in Necromancy
  3587 | D:2      | Reached skill level 1 in Translocations
  3587 | D:2      | Reached skill level 1 in Transmutations
  3587 | D:2      | Reached skill level 1 in Fire Magic
  3587 | D:2      | Reached skill level 1 in Ice Magic
  3587 | D:2      | Reached skill level 1 in Air Magic
  3587 | D:2      | Reached skill level 1 in Earth Magic
  3587 | D:2      | Reached skill level 1 in Poison Magic
  3587 | D:2      | Reached XP level 4. HP: 18/35 MP: 0/0
  3592 | D:2      | Gained mutation: You have great hidden genetic potential.
                  | [hidden potential]
  3846 | D:2      | Found a shadowy altar of Dithmenos.
  3895 | D:2      | Noticed Natasha
  3899 | D:2      | XOM: enchant monster (good)
  3901 | D:2      | Killed Natasha
  3902 | D:2      | Reached XP level 5. HP: 40/40 MP: 0/0
  3902 | D:2      | Learned a level 2 spell: Blink
  3902 | D:2      | Noticed Natasha
  3909 | D:2      | Killed Natasha
  3923 | D:2      | Gained mutation: You are covered in fur. (AC +1) [hidden
                  | potential]
  3923 | D:2      | Lost mutation: You have great hidden genetic potential.
                  | [hidden potential expressed]
  4313 | D:3      | XOM: scenery: summon butterflies
  4340 | D:3      | XOM: cloud trail
  4434 | D:3      | Found a large runed translucent door.
  4434 | D:3      | Found a large runed translucent door.
  4435 | D:3      | Noticed avis's ghost (amateur NaSh)
  4453 | D:3      | Found a snail-covered altar of Cheibriados.
  4525 | D:3      | Noticed Ijyb
  4527 | D:3      | XOM: summons 3 friendly demons
  4532 | D:3      | Paralysed by Ijyb for 3 turns
  4536 | D:3      | Killed Ijyb
  4537 | D:3      | Reached XP level 6. HP: 40/47 MP: 0/0
  4551 | D:3      | XOM: scenery: create altars
  4584 | D:3      | Found an iron altar of Okawaru.
  5002 | D:4      | XOM: potion effect (invisibility)
  5008 | D:4      | XOM: enchant monster (bad)
  5021 | D:4      | Gained mutation: You have a somewhat thin skeletal
                  | structure. (Dex +2, Stealth+) [hidden potential]
  5300 | D:4      | Noticed a steam dragon
  5435 | D:4      | Noticed an ogre
  5439 | D:4      | XOM: confuse monster(s)
  5441 | D:4      | Killed an ogre
  5442 | D:4      | Reached XP level 7. HP: 51/52 MP: 0/0
  5442 | D:4      | Learned a level 3 spell: Vampiric Draining
  5506 | D:4      | Found a transporter.
  5543 | D:4      | Noticed pigah's ghost (weakling OpSh)
  5601 | D:4      | Found a transporter.
  5612 | D:4      | XOM: give mutation
  5612 | D:4      | Gained mutation: You expend health (3 HP) to strengthen
                  | your wands. [Xom's grace]
  5783 | D:5      | Entered Level 5 of the Dungeon
  5807 | D:5      | XOM: god gift: scroll labelled AGOLOXT LADE {god gift}
  5808 | D:5      | Found an opulent altar of Gozag.
  5815 | D:5      | Gained mutation: You have great hidden genetic potential.
                  | [hidden potential]
  5815 | D:5      | Lost mutation: You have great hidden genetic potential.
                  | [hidden potential expressed]
  5822 | D:5      | XOM: give mutations
  5822 | D:5      | Lost mutation: You have a somewhat thin skeletal structure.
                  | (Dex +2, Stealth+) [Xom's mischief]
  5822 | D:5      | Lost mutation: You have hidden genetic potential. [Xom's
                  | mischief]
  5822 | D:5      | Gained mutation: You are frail. (-10% HP) [Xom's mischief]
  5871 | D:5      | Found Zecun's Assorted Antiques.
  5897 | D:5      | XOM: 1-stop teleportation journey
  5902 | D:5      | XOM: divine lightning
  5913 | D:5      | XOM: silly message
  6010 | D:5      | Found a shimmering altar of Xom.
  6052 | D:5      | Found a white marble altar of Elyvilon.
  6064 | D:5      | XOM: silly message
  6088 | D:5      | XOM: divination: magic mapping
  6096 | D:5      | XOM: enchant monster (good)
  6162 | D:5      | XOM: god gift: pair of boots {god gift}
  6181 | D:5      | XOM: divination: magic mapping
  6306 | D:5      | XOM: repel stairs
  6315 | D:5      | a black bear changed into a shapeshifter
  6315 | D:5      | Noticed a shapeshifter (shapeshifter)
  6315 | D:5      | XOM: swap monsters
  6315 | D:5      | a shapeshifter changed into a wind drake
  6315 | D:5      | Noticed a wind drake (shapeshifter)
  6318 | D:5      | Reached XP level 8. HP: 44/52 MP: 0/0
  6319 | D:5      | XOM: blink monster(s)
  6326 | D:5      | a wind drake changed into a shapeshifter
  6326 | D:5      | Noticed a shapeshifter (shapeshifter)
  6326 | D:5      | a shapeshifter changed into a black bear
  6712 | D:6      | XOM: draining
  6895 | D:6      | Noticed Sigmund
  6905 | D:6      | XOM: confusion
  6920 | D:6      | Killed Sigmund
  6924 | D:6      | XOM: summons 5 hostile demons
  6934 | D:6      | Reached skill level 5 in Fighting
  6934 | D:6      | Identified a scroll of acquirement
  6934 | D:6      | Acquired 1156 gold pieces
  7069 | D:6      | Noticed Maggie
  7069 | D:6      | XOM: 1-stop teleportation journey
  7082 | D:6      | XOM: chaos cloud
  7087 | D:6      | Killed Maggie
  7088 | D:6      | Reached skill level 5 in Dodging
  7101 | D:6      | XOM: chaos cloud
  7133 | D:6      | Reached XP level 9. HP: 22/58 MP: 0/0
  7133 | D:6      | Learned a level 4 spell: Flame Wave
  7286 | D:6      | Found a hide-covered altar of Uskayaw.
  7387 | D:6      | Reached skill level 5 in Long Blades
  7440 | D:6      | Noticed Jeremiah
  7478 | D:6      | XOM: summons friendly crimson imp
  7498 | D:6      | XOM: noise
  7505 | D:6      | Killed Jeremiah
  7592 | D:6      | Found a runed translucent door.
  7595 | D:6      | Noticed Crazy Yiuf
  7639 | D:6      | XOM: give mutations
  7639 | D:6      | Gained mutation: Your flesh is almost immune to the effects
                  | of heat. (rF+++) [Xom's grace]
  7639 | D:6      | Gained mutation: You have hidden genetic potential. [Xom's
                  | grace]
  7886 | D:6      | XOM: smoke on damage
  7893 | D:6      | XOM: confuse monster(s)
  8066 | D:6      | XOM: noise
  8133 | D:6      | Reached skill level 5 in Armour
  8196 | D:6      | XOM: noise
  8216 | D:6      | XOM: fake destruction
  8317 | D:6      | XOM: cast spell 'Discord'
  8319 | D:6      | XOM: stat loss: -1 Str (10/11)
  8342 | D:6      | XOM: give mutation
  8342 | D:6      | Gained mutation: You passively map a small area around you.
                  | [Xom's grace]
  8538 | D:6      | Killed Crazy Yiuf
  8608 | D:7      | XOM: stealth player
  8616 | D:7      | XOM: enchant monster (good)
  8795 | D:7      | XOM: silly message
  9110 | D:7      | Found a staircase to the Ecumenical Temple.
  9254 | D:7      | Found a runed translucent door.
  9254 | D:7      | Noticed BigPumpCobain's ghost (novice TrFi)
  9282 | D:7      | XOM: enchant monster (bad)
  9283 | D:7      | XOM: stat loss: -1 Str (10/11)
  9298 | D:7      | Reached XP level 10. HP: 41/64 MP: 0/0
  9315 | D:7      | XOM: draining
  9318 | D:7      | XOM: summons 6 hostile demons
  9325 | D:7      | XOM: scenery: summon butterflies
  9451 | D:7      | XOM: enchant monster (bad)
  9463 | D:6      | Reached skill level 5 in Spellcasting
  9463 | D:6      | Reached skill level 5 in Conjurations
  9463 | D:6      | Reached skill level 5 in Hexes
  9463 | D:6      | Reached skill level 5 in Summonings
  9463 | D:6      | Reached skill level 5 in Necromancy
  9463 | D:6      | Reached skill level 5 in Translocations
  9463 | D:6      | Reached skill level 5 in Transmutations
  9463 | D:6      | Reached skill level 5 in Fire Magic
  9463 | D:6      | Reached skill level 5 in Ice Magic
  9463 | D:6      | Reached skill level 5 in Air Magic
  9463 | D:6      | Reached skill level 5 in Earth Magic
  9463 | D:6      | Reached skill level 5 in Poison Magic
  9683 | D:6      | Lost mutation: You are frail. (-10% HP) [hidden potential]
  9829 | D:7      | XOM: give mutations
  9829 | D:7      | Lost mutation: You have hidden genetic potential. [Xom's
                  | mischief]
  9829 | D:7      | Gained mutation: Your mind is acute. (Int +4, Str/Dex -1)
                  | [Xom's mischief]
 10099 | D:7      | XOM: stat loss: -1 Str (9/10)
 10129 | D:7      | XOM: polymorph killer bee -> steam dragon
 10404 | D:7      | XOM: noise
 10422 | D:7      | XOM: summons 10 friendly demons
 10458 | D:7      | Killed BigPumpCobain's ghost
 10816 | D:8      | XOM: 3-stop teleportation journey
 10821 | D:8      | XOM: noise
 10864 | D:8      | XOM: cast spell 'Summon Mana Viper'
 10873 | D:8      | Reached XP level 11. HP: 53/79 MP: 0/0
 10873 | D:8      | Learned a level 5 spell: Summon Mana Viper
 10882 | D:8      | Noticed Grum
 10890 | D:8      | Slain by a wolf

Illustrated notes

Levels and vault maps discovered:
D:1:      minmay_arrival_semitransparent, layout_basic, serial_shops, shop,
          shapermc_ecumenical_altar_mp_urbaneastern
D:2:      layout_rooms, basic_altar, uniq_natasha
D:3:      layout_basic, mainiacjoe_overflow_alcove_4,
          mainiacjoe_overflow_boulevard, ebering_ghost_disaster_area,
          minivault_27, minivault_26, uniq_ijyb
D:4:      layout_loops_ring, gammafunk_ghost_stat_death,
          minmay_misc_feat_four_crosses, st_stairs_5, lightli_corner_chamber
D:5:      layout_basic, nicolae_gozag_cash_rules_everything_around_me,
          nicolae_overflow_crystal_walls, xom_butterflies, serial_shops,
          nicolae_shop_overgrown_old_shop
D:6:      layout_loops_ring, mainiacjoe_overflow_brackets, grunt_decor_junction,
          uniq_jeremiah, uniq_maggie, uniq_crazy_yiuf_cottage, uniq_sigmund
D:7:      layout_loops_ring, minmay_temple_entry_nine_rooms,
          hellmonk_ghost_happy_afterlife
D:8:      layout_layer_cave, hellmonk_lair_entry_icy, enter_ossuary_1,
          roadster_trireme, uniq_grum

Skill      XL: |  1  2  3  4  5  6  7  8  9 10 |
---------------+-------------------------------+-----
Long Blades    | 3 4 5 6 |  6.7
Spellcasting   | 1 2 3 4 5 |  5.9
Conjurations   | 1 2 3 4 5 |  5.9
Hexes          | 1 2 3 4 5 |  5.9
Summonings     | 1 2 3 4 5 |  5.9
Necromancy     | 1 2 3 4 5 |  5.9
Translocations | 1 2 3 4 5 |  5.9
Transmutations | 1 2 3 4 5 |  5.9
Fire Magic     | 1 2 3 4 5 |  5.9
Ice Magic      | 1 2 3 4 5 |  5.9
Air Magic      | 1 2 3 4 5 |  5.9
Earth Magic    | 1 2 3 4 5 |  5.9
Poison Magic   | 1 2 3 4 5 |  5.9
Armour         | 2 3 4 5 6 |  6.6
Dodging        | 3 4 5 6 7 |  7.6
Fighting       | 4 5 6 7 |  7.3

Action                     |  1- 3 |  4- 6 |  7- 9 | 10-12 || total
---------------------------+-------+-------+-------+-------++-------
  Melee: Falchion          |    54 |   164 |   303 |       ||   521
         Punch             |     2 |     2 |     5 |     1 ||    10
         Scimitar          |       |       |    98 |   176 ||   274
   Cast: Sting             |       |     1 |     1 |       ||     2
         Flame Wave        |       |       |       |     1 ||     1
  Evoke: Wand              |       |       |     5 |     6 ||    11
    Use: Scroll            |       |     5 |     5 |     1 ||    11
         Potion            |       |       |     1 |     2 ||     3
   Stab: Sleeping          |     1 |     3 |     2 |     1 ||     7
         Invisible         |     1 |     1 |       |       ||     2
         Paralysed         |       |     2 |     8 |       ||    10
         Distracted        |       |     1 |       |       ||     1
         Confused          |       |       |     1 |       ||     1
         Betrayed ally     |       |       |     1 |       ||     1
         Petrified         |       |       |     4 |       ||     4
         Petrifying        |       |       |     1 |       ||     1
 Armour: Leather armour    |    36 |   105 |   280 |   137 ||   558
  Dodge: Dodged            |    22 |   114 |   348 |   147 ||   631

Table legend: (Time is in decaauts)
 A = Elapsed time spent in this place.
 B = Non-inter-level travel time spent in this place.
 C = Inter-level travel time spent in this place.
 D = Time resting spent in this place.
 E = Time spent auto-exploring this place.
 F = Levels seen in this place.
 G = Mean time per level.
                   A        B        C        D        E       F      G
               +--------+--------+--------+--------+--------+-----+--------+
         Total |  10932 |  10732 |    200 |   4131 |   4645 |   8 | 1366.5 |
       Dungeon |  10932 |  10732 |    200 |   4131 |   4645 |   8 | 1366.5 |
               +--------+--------+--------+--------+--------+-----+--------+

Top non-repeatable levels by time:
     D:1: 3532 daAuts
     D:6: 2574 daAuts
     D:7: 1509 daAuts
     D:4: 944 daAuts
     D:5: 825 daAuts
     D:3: 784 daAuts
     D:2: 558 daAuts
     D:8: 202 daAuts
